 Dungeon Crawl Stone Soup version 0.28.0-53-g5a82cb258f (webtiles) character file.

Game seed: 1945962598381003323

511 Peloso the Covered (level 6, 0/55 HPs)
             Began as a Minotaur Fighter on June 1, 2022.
             Slain by a centaur (2 damage)
             ... on level 5 of the Dungeon.
             The game lasted 00:03:42 (3503 turns).

Peloso the Covered (Minotaur Fighter)               Turns: 3503, Time: 00:03:44

Health: 0/55       AC: 12    Str: 21    XL:     6   Next: 99%
Magic:  5/5        EV:  6    Int:  5    God:
Gold:   199        SH:  5    Dex: 11    Spells: 5/5 levels left

rFire   . . .      SeeInvis .   a - +1 long sword
rCold   . . .      Faith    .   c - +0 buckler
rNeg    . . .      Spirit   .   o - +0 plate armour
rPois   .          Reflect  .   (helmet restricted)
rElec   .          Harm     .   (no cloak)
rCorr   .          Rampage  .   (no gloves)
Will    .....                   (no boots)
Stlth   ..........              (no amulet)
HPRegen 0.18/turn               (no ring)
MPRegen 0.09/turn               (no ring)

@: no status effects
A: horns 2, retaliatory headbutt
a: no special abilities


You were on level 5 of the Dungeon.
You visited 1 branch of the dungeon, and saw 5 of its levels.

You collected 199 gold pieces.

Inventory:

Hand Weapons
 a - a +1 long sword (weapon)
Armour
 b - a +0 scale mail
 c - a +0 buckler (worn)
 o - a +0 plate armour (worn)
Jewellery
 g - a ring of positive energy
Wands
 k - a wand of polymorph (9)
Scrolls
 h - a scroll of immolation
 i - a scroll of acquirement {unknown}
 m - 2 scrolls of fear {unknown}
 n - a scroll of teleportation
 p - 3 scrolls of identify {unknown}
 r - a scroll of brand weapon {unknown}
 u - a scroll of holy word {unknown}
 v - a scroll of magic mapping {unknown}
Potions
 d - a potion of might
 e - 2 potions of heal wounds {unknown}
 f - 3 potions of curing {unknown}
 j - a potion of flight {unknown}
 l - a potion of berserk rage {unknown}
 q - a potion of lignification {unknown}
 s - a potion of degeneration {unknown}
 t - 2 potions of resistance {unknown}


   Skills:
 + Level 4.9 Fighting
 + Level 5.5 Long Blades
 + Level 6.2 Armour
 + Level 1.3 Dodging
 + Level 0.7 Stealth
 + Level 4.7 Shields


You had 5 spell levels left.
You didn't know any spells.
Your spell library was empty.

Dungeon Overview and Level Annotations

Branches:
Dungeon (5/15)
 Temple: D:4-7

Altars:
Ashenzari

Annotations:
D:3 1 runed translucent door, Crazy Yiuf


Innate Abilities, Weirdness & Mutations

You have a pair of horns on your head.
You reflexively headbutt those who attack you in melee.


Message History

The necrophage hits you but does no damage.
You barely miss the necrophage.
The necrophage is almost destroyed.
The necrophage hits you.
You slash the necrophage!
You destroy the necrophage!
Your Armour skill increases to level 6!
Found a stone staircase leading up.
HP restored.
Found a stone staircase leading down.
Found 20 stones.
Found a scroll of vulnerability.
There is a stone staircase leading up here.
Found a war axe.
You open the large door.
Found 3 scrolls of vulnerability.
There is a large open door here.
A two-headed ogre comes into view.
It is wielding a +0 giant spiked club and a +0 giant club.
The two-headed ogre shouts in stereo!
A two-headed ogre is nearby!
A two-headed ogre is nearby!
Found a fizzy ruby potion.
A centaur comes into view.
The centaur shouts!
A bullfrog zombie comes into view.
The centaur wields a +0 shortbow.
The centaur shoots an arrow.
The arrow hits you. You block the two-headed ogre's attack.
The two-headed ogre closely misses you.
You hit the two-headed ogre.
The two-headed ogre is lightly wounded.
The two-headed ogre hits you with a +0 giant spiked club!
The two-headed ogre hits you with a +0 giant club.
You closely miss the two-headed ogre.
The two-headed ogre is lightly wounded.
The two-headed ogre hits you with a +0 giant spiked club!!
Ouch! That really hurt!
* * * LOW HITPOINT WARNING * * *
The two-headed ogre barely misses you.
The centaur unwields a +0 shortbow.
The centaur hits you.
You die...

... #... #.. ##.......
... ##........ ## #.#
##......... ..#.#
##.......... ######.#.#
#...........
.....#.#.####...........
............#....?..#..#
.....#.#.##.'...@O...#
.....#.#.##.'....cZ..#
.....#)#.##.#.......#!.#
...#.....##.#...........
<....#...##.#...........
......?.....##..........
..........#..##.........
..........##..##........
....(.....# ..


You could see a two-headed ogre, a centaur and a bullfrog zombie.

Vanquished Creatures
  A black bear (D:4)
  A necrophage (D:5)
  2 scorpions (D:4)
  3 hounds (D:4)
  A hound skeleton (D:3)
  2 adders (D:2)
  3 worms (D:2)
  3 dart slugs
  An orc (D:4)
  5 endoplasms
  3 giant cockroaches
  11 goblins
  3 hobgoblins
  3 jackals (D:1)
  5 kobolds
  3 quokkas (D:2)
  5 ball pythons
  6 bats
  6 frilled lizards
  15 rats
82 creatures vanquished.

Vanquished Creatures (others)
  2 plants
  4 withered plants (D:1)
6 creatures vanquished.

Grand Total: 88 creatures vanquished

Notes
Turn   | Place    | Note
-------+----------+-------------------------------------------
     0 | D:1      | Peloso the Minotaur Fighter began the quest for the Orb.
     0 | D:1      | Reached XP level 1. HP: 19/19 MP: 0/0
   188 | D:1      | Reached skill level 4 in Armour
   188 | D:1      | Reached XP level 2. HP: 27/27 MP: 1/1
   515 | D:1      | Reached XP level 3. HP: 33/33 MP: 2/2
   519 | D:1      | Found a faded altar of an unknown god.
  1160 | D:2      | Reached skill level 1 in Dodging
  1441 | D:2      | Reached XP level 4. HP: 39/40 MP: 3/3
  1823 | D:3      | Found a runed translucent door.
  1824 | D:3      | Noticed Crazy Yiuf
  1954 | D:3      | Found a broken altar of Ashenzari.
  2611 | D:4      | Noticed a black bear
  2615 | D:4      | Reached XP level 5. HP: 47/47 MP: 4/4
  2620 | D:4      | Killed a black bear
  2621 | D:4      | Reached skill level 5 in Armour
  2772 | D:4      | Reached skill level 5 in Long Blades
  2772 | D:4      | Reached XP level 6. HP: 52/53 MP: 5/5
  3386 | D:5      | Entered Level 5 of the Dungeon
  3407 | D:5      | Reached skill level 6 in Armour
  3498 | D:5      | Noticed a two-headed ogre
  3503 | D:5      | HP: 2/55 [two-headed ogre/+0 giant spiked club (31)]
  3503 | D:5      | Slain by a centaur

Illustrated notes

Levels and vault maps discovered:
D:1:      evilmike_arrival_hilbert_curve, layout_rooms,
          shapermc_ecumenical_altar_flowoftime, minmay_rat_gold_closets
D:2:      cheibrodos_old_hovel, layout_basic, kennysheep_decorative_pillar,
          minmay_misc_feat_secret_circle, nrook_uturn, minmay_tripent
D:3:      layout_basic, mainiacjoe_overflow_concentric_impassable,
          uniq_crazy_yiuf_cottage
D:4:      layout_loops_cross
D:5:      kennysheep_big_flooded_room, layout_basic, nzn_hepliaklqana_mist_gate,
          minmay_temple_entry_enclosed_plants, serial_shops, shop, minmay_puff

Skill      XL: |  1  2  3  4  5  6 |
---------------+-------------------+-----
Armour         | 4 5 6 |  6.2
Shields        | 4 |  4.7
Fighting       | 4 |  4.9
Long Blades    | 3 4 5 |  5.5
Dodging        | 1 |  1.3
Stealth        | |  0.7

Action                   |  1- 3 |  4- 6 || total
-------------------------+-------+-------++-------
Melee: Long sword        |   124 |    80 ||   204
       Headbutt          |     9 |     9 ||    18
  Use: Scroll            |       |     4 ||     4
Armor: Scale mail        |    57 |     4 ||    61
       Plate armour      |       |    44 ||    44
Dodge: Dodged            |    62 |    32 ||    94
Block: Buckler           |    21 |    24 ||    45
